 Dungeon Crawl Stone Soup version 0.27.1-1-g398f81649c (console) character file.

Game seed: 14007484666051862367

1 thromnambular the Magician (level 1, -1/18 HPs)
             Began as a Djinni Warper on Sept 10, 2021.
             Slain by a quokka (4 damage)
             ... on level 1 of the Dungeon.
             The game lasted 00:01:08 (64 turns).

thromnambular the Magician (Djinni Warper)            Turns: 64, Time: 00:01:08

Health: -1/18      AC:  3    Str: 10    XL:     1   Next: 22%
Gold:   0          EV: 11    Int: 14    God:
                   SH:  0    Dex: 12

rFire    + + .     SeeInvis .   a - +0 falchion
rCold    x . .     Faith    .   (no shield)
rNeg     . . .     Spirit   .   b - +0 leather armour
rPois    ∞         Reflect  .   (no helmet)
rElec    .         Harm     .   (no cloak)
rCorr    .         Rampage  .   (no gloves)
Will     .....                  (boots unavailable)
Stlth    +.........             (no amulet)
HPRegen  0.06/turn              (no ring)
MPRegen  0.00/turn              (no ring)

@: brilliant, flying
A: sickness immunity, fire resistance 2, cold vulnerability 1, float, innate
caster, hp casting, extra vitality 1
a: no special abilities


You were on level 1 of the Dungeon.
You visited 1 branch of the dungeon, and saw 1 of its levels.

Inventory:

Hand Weapons
 a - a +0 falchion (weapon)
Missiles
 d - 5 boomerangs of dispersal (quivered)
Armour
 b - a +0 leather armour (worn)
Scrolls
 c - a scroll of blinking
Potions
 e - a potion of flight {unknown}


   Skills:
 + Level 2.0 Fighting
 + Level 1.8 Long Blades
 - Level 0.7 Throwing
 - Level 1.0 Armour
 + Level 2.2 Dodging
 - Level 2.4 Spellcasting


You couldn't memorise any spells.
You knew the following spells:

 Your Spells              Type           Power      Damage    Failure   Level
a - Blink                 Tloc           N/A        N/A       17%         2
b - Lesser Beckoning      Tloc           6%         N/A       34%         3
c - Gell's Gravitas       Tloc           6%         N/A       34%         3
d - Teleport Other        Tloc           12%        N/A       34%         3
e - Manifold Assault      Tloc           12%        N/A       97%         5
Your spell library was empty.

Dungeon Overview and Level Annotations

Branches:
Dungeon (1/15)

Altars:


Innate Abilities, Weirdness & Mutations

You are immune to sickness and miasma.
You are immune to poison.
Your flesh is very heat resistant. (rF++)
You are vulnerable to cold. (rC-)
You float through the air rather than walking.
You learn spells naturally, not from books.
Your magical power is your life essence.
You have superior vitality. (+4 HP)


Message History

The quokka bites you but does no damage.
You closely miss the quokka.
The quokka is severely wounded.
The quokka bites you.
* * * LOW HITPOINT WARNING * * *
The quokka bites you but does no damage.
It was a potion of brilliance.
You feel clever all of a sudden. The quokka barely misses you.
Found 10 gold pieces.
The quokka closely misses you.
You see here a metallic inky potion.
e - a metallic inky potion The quokka barely misses you.
A kobold comes into view. It is wielding a +0 dagger.
Found a stone staircase leading down.
The kobold shouts!
A rat comes into view.
The quokka closely misses you.
You riposte.
You barely miss the quokka.
The quokka is severely wounded.
A frilled lizard comes into view.
The frilled lizard hisses angrily.
Found a scroll labelled JAOVVO ENYT and a scroll labelled ISUVUE XUFA.
Found a stone staircase leading down.
The quokka bites you but does no damage.
The quokka bites you but does no damage.
Cast which spell? (? or * to list)
Okay, then.
Unknown command.
Cast which spell? (? or * to list)
Okay, then.
Unknown command.
The quokka bites you.
* * * LOW HITPOINT WARNING * * *
The quokka bites you.
* * * LOW HITPOINT WARNING * * *
The quokka barely misses you. The kobold barely misses you.
The quokka bites you.
You die...

... # .. .. ###.######
..#...#....#### .............
.. .##..##........## ...
#.##.......#..#..## .....
#.##..# #@r.l.r..##.....
####.#..# ##K.###.........
#.......# #.(.g.$..#...?.
##.....§.## ##............?.
###...≈≈≈≈..####..≈≈≈≈..#>.....
.....§[§≈≈≈......≈≈≈≈≈≈........
..#..≈≈<>≈§§.....≈≈≈≈≈≈......#>
#..≈≈≈≈≈≈...$..≈≈≈≈≈≈...#....
#...≈≈≈≈...##...≈≈≈≈....#.##.


You could see a quokka, a goblin, a kobold, a frilled lizard and a rat.

Vanquished Creatures
  A ball python (D:1)
1 creature vanquished.

Notes
Turn   | Place    | Note
-------+----------+-------------------------------------------
     0 | D:1      | thromnambular the Djinni Warper began the quest for the
                  | Orb.
     0 | D:1      | Reached XP level 1. HP: 18/18 MP: 0/0
    64 | D:1      | Slain by a quokka

Illustrated notes

Levels and vault maps discovered:
D:1:      dpeg_arrival_pits, layout_rooms, shapermc_ecumenical_altar_notcrosses

Action                   || total
-------------------------++-------
Melee: Falchion          ||    12
  Use: Potion            ||     1
Armor: Leather armour    ||     8
Dodge: Dodged            ||    18
       Rpst.: Falchion   ||     4
